 Dungeon Crawl Stone Soup version 0.31-a0-1540-g5a0b83f448 (webtiles) character file.

Game seed: 14100948821904601669

1601 voltaire321 the Apothecary (level 8, 0/60 HPs)
             Began as a Demonspawn Alchemist on Jan 1, 2024.
             Slain by Menkaure (11 damage)
             ... on level 5 of the Dungeon.
             The game lasted 00:21:03 (6938 turns).

voltaire321 the Apothecary (Demonspawn Alchemist)   Turns: 6938, Time: 00:21:03

Health: 0/60       AC: 11    Str: 10    XL:     8   Next: 62%
Magic:  14/14      EV: 13    Int: 15    God:
Gold:   247        SH:  0    Dex: 15    Spells: 12/15 levels left

rFire   + . .        w - +4 dagger
rCold   . . .        (no shield)
rNeg    . . .        a - +0 robe
rPois   .            f - +2 helmet
rElec   .            p - +1 cloak
rCorr   .            (no gloves)
SInv    .            (no boots)
Will    .....        B - amulet of the acrobat
Stlth   ++           h - ring of protection from fire
HPRegen 0.30/turn    x - +4 ring of protection
MPRegen 0.14/turn

%: acrobat
@: no status effects
A: claws 2, spiny 2, sturdy frame 1
a: no special abilities


You were on level 5 of the Dungeon.
You visited 2 branches of the dungeon, and saw 6 of its levels.

You collected 247 gold pieces.

Inventory:

Hand Weapons
 w - a +4 dagger (weapon)
 z - a +2 whip of freezing
 A - a +1 dagger of venom
Armour
 a - a +0 robe (worn)
 f - a +2 helmet (worn)
 p - a +1 cloak (worn)
Jewellery
 h - a ring of protection from fire (left claw)
 v - the Hermit's Pendant {Faith Invo=14 Evo=0 MP+5}
   (You found it on level 4 of the Dungeon)

   [amulet of faith]

   Invo=14: It sets your Invocations skill to 14.
   Evo=0: It sets your Evocations skill to 0.
   Faith:     It allows you to gain divine favour quickly.
   MP+5:      It affects your magic capacity (+5).
 x - a +4 ring of protection (right claw)
 B - an amulet of the acrobat (around neck)
Scrolls
 d - a scroll of teleportation {unknown}
 g - a scroll of enchant weapon {unknown}
 i - 4 scrolls of identify {unknown}
 j - 2 scrolls of poison {unknown}
 k - 2 scrolls of immolation {unknown}
 m - 2 scrolls of revelation {unknown}
 r - a scroll of acquirement {unknown}
 s - a scroll of noise {unknown}
 t - a scroll of butterflies {unknown}
 y - a scroll of fog {unknown}
Potions
 b - 3 potions of magic
 c - 2 potions of enlightenment {unknown}
 e - a potion of resistance {unknown}
 l - a potion of lignification {unknown}
 n - a potion of degeneration {unknown}
 o - a potion of might {unknown}
 q - 2 potions of curing {unknown}
 u - a potion of heal wounds {unknown}


   Skills:
 + Level 4.1 Fighting
 + Level 3.8 Armour
 + Level 4.3 Dodging
 - Level 1.7 Stealth
 + Level 4.3 Spellcasting
 + Level 4.1 Conjurations
 - Level 2.0 Air Magic
 + Level 5.1 Alchemy


You had 12 spell levels left.
You knew the following spells:

 Your Spells              Type           Power      Damage    Failure   Level
a - Sting                 Conj/Alch      68%        1d7       2%          1
b - Mercury Vapours       Alch/Air       28%        N/A       6%          2

Your spell library contained the following spells:

 Spells                   Type           Power      Damage    Failure   Level
 Mephitic Cloud           Conj/Alch/Air  14%        N/A       11%         3
 Olgreb's Toxic Radiance  Alch           18%        N/A       21%         4
 Swiftness                Air            9%         N/A       22%         3
 Ensorcelled Hibernation  Hex/Ice        6%         N/A       26%         2
 Passwall                 Erth           3%         N/A       45%         3
 Sticky Flame             Fire/Alch      11%        2d5       52%         4


Dungeon Overview and Level Annotations

Branches:
Dungeon (5/15)             Temple (1/1) D:5

Altars:
Cheibriados
Dithmenos
Fedhas
Gozag
Hepliaklqana
Kikubaaqudgha
Nemelex Xobeh
Okawaru
Qazlal
Ru
Sif Muna
Trog
Uskayaw
Vehumet
Xom

Annotations:
D:5 Menkaure


Innate Abilities, Weirdness & Mutations

You have very sharp fingernails.
You are mostly covered in sharp spines.
Your movements are slightly less encumbered by armour. (ER -2)


Message History

There is an open door here.
Found a stone staircase leading down.
There is an open door here.
There is an open door here.
There is an open door here.
There is an open door here.
Found a stone staircase leading down.
A hound comes into view.
The hound moves out of view.
There is an open door here.
There is an open door here.
Menkaure shouts!
Menkaure gestures wildly while chanting.
Menkaure seems to speed up.
There is an open door here.
Menkaure is nearby!
Okay, then.
Menkaure giggles, "These cerements are ticklish..."
Menkaure calls on the powers of darkness!
Your body is wracked with pain!
Menkaure casts a spell at you. Pain shoots through your body!
* * * LOW HITPOINT WARNING * * *
Menkaure barely misses you.
Menkaure murmurs drily.
Menkaure misses you.
You hit Menkaure but do no damage. Menkaure misses you.
You hit Menkaure.
Menkaure is moderately damaged.
Menkaure breathes soot at you.
Menkaure calls on the powers of darkness!
Your body is wracked with pain!
* * * LOW HITPOINT WARNING * * *
You hit Menkaure but do no damage.
Menkaure is moderately damaged.
Menkaure is struck by your spines. Menkaure hits you but does no damage.
You closely miss Menkaure.
Menkaure is heavily damaged.
Menkaure hits you!
You die...

.#....#.......#....#
.#....#.......#....#
.#....#.......#....#
##..###.......#...##
##..#........##...#...... ##
§............#....#...>.#..
§§≈≈≈≈§≈§....#....#.....#.
§......≈§.)..'....#.....'
.###.#.≈...÷.#..@.#.....#
§#...#.≈.....#..M.#.....#
§#._.#.≈.....#....#.....#
.#...#.≈.....##...#.....#####.
.#.###§≈.##÷###'####'#.........
.....§§≈†'...........#..........
≈≈.≈≈≈≈≈.............#..........
.........#...........#..........
###......#...........#....M.....


You could see Menkaure (fast).

Vanquished Creatures
  Pikel (D:4)
  A yak (D:4)
  An ice beast (D:5)
  An ogre (D:5)
  A phantom (D:5)
  2 lemures
  3 scorpions (D:5)
  2 howler monkeys (D:5)
  3 hounds
  A jelly (D:4)
  An orc priest (D:5)
  Terence (D:2)
  2 orc wizards
  7 gnolls
  9 adders
  2 ufetubi (D:5)
  3 dart slugs
  2 ribbon worms (D:2)
  12 orcs
  8 endoplasms
  3 giant cockroaches
  5 goblins
  7 hobgoblins
  9 jackals
  6 kobolds
  3 quokkas
  6 ball pythons
  11 bats
  2 frilled lizards
  5 rats
120 creatures vanquished.

Notes
Turn   | Place    | Note
-------+----------+-------------------------------------------
     0 | D:1      | voltaire321 the Demonspawn Alchemist began the quest for
                  | the Orb.
     0 | D:1      | Reached XP level 1. HP: 13/13 MP: 3/3
   579 | D:1      | Gained mutation: You are partially covered in sharp spines.
                  | [demonic ancestry]
   579 | D:1      | Reached XP level 2. HP: 20/20 MP: 0/5
  1048 | D:1      | Found a faded altar of an unknown god.
  1514 | D:1      | Reached XP level 3. HP: 22/25 MP: 1/6
  1958 | D:2      | Reached skill level 1 in Fighting
  1958 | D:2      | Reached skill level 1 in Armour
  2238 | D:2      | Gained mutation: Your movements are slightly less
                  | encumbered by armour. (ER -2) [demonic ancestry]
  2238 | D:2      | Reached XP level 4. HP: 18/32 MP: 1/7
  2305 | D:2      | Noticed Terence
  2589 | D:2      | Killed Terence
  3489 | D:3      | Reached XP level 5. HP: 38/38 MP: 5/8
  4708 | D:4      | Learned a level 2 spell: Mercury Vapours
  4719 | D:4      | Noticed a lemure
  4751 | D:4      | Noticed Pikel
  4751 | D:4      | Noticed a lemure
  4751 | D:4      | Noticed a lemure
  4752 | D:4      | Noticed a lemure
  4788 | D:3      | Killed a lemure
  5063 | D:4      | Gained mutation: You have sharp fingernails. [demonic
                  | ancestry]
  5063 | D:4      | Reached XP level 6. HP: 44/44 MP: 6/10
  5324 | D:4      | Found a faded altar of an unknown god.
  5324 | D:4      | Noticed a yak
  5324 | D:4      | Found the Hermit's Pendant {Faith Invo=14 Evo=0 MP+5}
  5352 | D:4      | Killed a yak
  5353 | D:4      | Reached skill level 1 in Air Magic
  5353 | D:4      | Reached skill level 4 in Alchemy
  5803 | D:4      | Killed Pikel
  5804 | D:4      | Gained mutation: You have very sharp fingernails. [demonic
                  | ancestry]
  5804 | D:4      | Reached XP level 7. HP: 47/52 MP: 0/12
  6010 | D:5      | Entered Level 5 of the Dungeon
  6026 | D:5      | Gained mutation: You are mostly covered in sharp spines.
                  | [demonic ancestry]
  6026 | D:5      | Reached XP level 8. HP: 58/58 MP: 9/13
  6413 | D:5      | Noticed Menkaure
  6513 | D:5      | Found a staircase to the Ecumenical Temple.
  6547 | Temple   | Entered the Ecumenical Temple
  6606 | D:5      | Reached skill level 5 in Alchemy
  6795 | D:5      | Found a radiant altar of Vehumet.
  6938 | D:5      | Slain by Menkaure

Illustrated notes

Levels and vault maps discovered:
D:1:      mushboom_english_gardens, layout_basic,
          hellmonk_ecumenical_altar_crossroads
D:2:      layout_basic, kennysheep_generic_room_8, uniq_terence
D:3:      layout_loops_ring, minmay_misc_feat_columns
D:4:      kennysheep_spiral_hall, layout_gridville,
          hellmonk_guarded_unrand_hermit, uniq_pikel
D:5:      minmay_evil_eye, layout_gridville, mainiacjoe_overflow_brackets,
          temple_green, kennysheep_flooded_box, uniq_menkaure
Temple:   nicolae_temple_superstar

Skill      XL: |  1  2  3  4  5  6  7  8 |
---------------+-------------------------+-----
Dodging        | 2 3 4 |  4.3
Fighting       | 1 2 3 4 |  4.1
Armour         | 1 2 3 |  3.8
Conjurations   | 2 3 4 |  4.1
Spellcasting   | 3 4 |  4.3
Air Magic      | 2 |  2.0
Alchemy        | 4 5 |  5.1
Stealth        | |  1.7

Action                     |  1- 3 |  4- 6 |  7- 9 || total
---------------------------+-------+-------+-------++-------
  Melee: Unarmed           |     8 |       |       ||     8
         Short sword       |    16 |    25 |       ||    41
         Dagger            |       |     7 |    33 ||    40
         Punch             |       |       |     1 ||     1
   Cast: Sting             |    69 |   142 |    50 ||   261
         Mercury Vapours   |       |     3 |     3 ||     6
 Armour: Robe              |    27 |    51 |    24 ||   102
  Dodge: Dodged            |    27 |    57 |    16 ||   100

Table legend: (Time is in decaauts)
 A = Elapsed time spent in this place.
 B = Non-inter-level travel time spent in this place.
 C = Inter-level travel time spent in this place.
 D = Time resting spent in this place.
 E = Time spent auto-exploring this place.
 F = Levels seen in this place.
 G = Mean time per level.
                   A        B        C        D        E       F      G
               +--------+--------+--------+--------+--------+-----+--------+
         Total |   6936 |   6835 |    101 |   1853 |   3662 |   6 | 1156.0 |
       Dungeon |   6908 |   6826 |     82 |   1853 |   3662 |   5 | 1381.6 |
        Temple |     27 |      8 |     19 |      0 |      0 |   1 |   27.0 |
               +--------+--------+--------+--------+--------+-----+--------+

Top non-repeatable levels by time:
     D:1: 1798 daAuts
     D:3: 1555 daAuts
     D:2: 1422 daAuts
     D:4: 1232 daAuts
     D:5: 900 daAuts
  Temple: 27 daAuts
